 Dungeon Crawl Stone Soup version 0.25-a0-420-g1cc7eeb0d1 (webtiles) character file.

Game seed: 9735688987123352956, levelgen mode: deterministic

64 vurker the Bolt Thrower (level 4, 0/28 HPs)
             Began as a Kobold Hunter on Jan 18, 2020.
             Slain by Sigmund
             ... wielding a +1 scythe of venom
              (4 damage)
             ... on level 2 of the Dungeon.
             The game lasted 00:02:19 (1700 turns).

vurker the Bolt Thrower (Kobold Hunter)             Turns: 1700, Time: 00:02:19

Health: 0/28       AC:  3    Str: 10    XL:     4   Next: 32%
Magic:  4/4        EV: 14    Int: 12    God:
Gold:   81         SH:  0    Dex: 15    Spells: 3/3 levels left

rFire    . . .     SeeInvis .   a - +1 hand crossbow
rCold    . . .     Gourm    .   (shield restricted)
rNeg     . . .     Faith    .   c - +0 leather armour
rPois    .         Spirit   .   (no helmet)
rElec    .         Reflect  .   (no cloak)
rCorr    .         Harm     .   (no gloves)
MR       .....                  (no boots)
Stlth    ++........             (no amulet)
HPRegen  0.09/turn              (no ring)
MPRegen  0.09/turn              (no ring)

@: lethally poisoned (0 -> -15)
A: small, carnivore
a: no special abilities


You were on level 2 of the Dungeon.
You were completely stuffed.

You visited 1 branch of the dungeon, and saw 2 of its levels.

You collected 81 gold pieces.

Inventory:

Hand Weapons
 a - a +1 hand crossbow (weapon)
 b - a +0 dagger
   (You took it off a goblin on level 1 of the Dungeon)
Missiles
 d - 22 bolts (quivered)
Armour
 c - a +0 leather armour (worn)
Scrolls
 g - a scroll of fear {unknown}
 h - a scroll of blinking {unknown}
 i - a scroll of enchant armour {unknown}
 j - a scroll of enchant weapon {unknown}
 k - a scroll of identify {unknown}
 m - a scroll of remove curse {unknown}
Potions
 f - a potion of agility {unknown}
 n - a potion of brilliance {unknown}
 o - a potion of mutation {unknown}
 p - a potion of ambrosia {unknown}
Comestibles
 e - 6 rations
 l - a chunk of flesh


   Skills:
 + Level 3.0 Fighting
 * Level 3.3 Short Blades
 + Level 5.3 Crossbows
 - Level 2.4 Dodging
 - Level 1.3 Stealth


You had 3 spell levels left.
You didn't know any spells.
Your spell library was empty.

Dungeon Overview and Level Annotations

Branches:
Dungeon (2/15)

Altars:
Nemelex Xobeh
Vehumet

Annotations:
D:2 Sigmund


Innate Abilities, Weirdness & Mutations

You are small and have problems with some larger weapons.
You are carnivorous and can eat meat at any time.


Message History

p - a fizzy coppery potion Some of the chunks of flesh in your inventory have rotted away.
You now have 81 gold pieces (gained 17).
Sigmund the Dreaded comes into view.
He is wielding a +1 scythe of venom.
Sigmund shouts!
You hear an angry hiss.
An adder comes into view.
Sigmund gestures wildly while chanting.
Sigmund flickers and vanishes!
Deactivating autopickup; reactivate with Ctrl-A.
a - a +1 hand crossbow (weapon)
Firing (i - inventory)
d - 30 bolts (quivered)
Aim: an adder You shoot a bolt.
The bolt barely misses the adder.
Firing (i - inventory)
d - 29 bolts (quivered)
Aim: an adder You shoot a bolt.
The bolt hits the adder!
You kill the adder!
Your Fighting skill increases to level 3!
Firing (i - inventory)
d - 28 bolts (quivered)
You shoot a bolt.
Firing (i - inventory)
d - 27 bolts (quivered)
You shoot a bolt. Something hits you.
You are poisoned.
Firing (i - inventory)
d - 26 bolts (quivered)
You shoot a bolt.
You feel sick.
You hear some strange, mumbled words.
A puff of flame appears from out of thin air!
The puff of flame hits you!
* * * LOW HITPOINT WARNING * * *
Unknown command.
Unknown command.
Unknown command.
Unknown command.
Firing (i - inventory)
d - 25 bolts (quivered)
You shoot a bolt.
You feel sick. Something barely misses you.
Firing (i - inventory)
d - 24 bolts (quivered)
You shoot a bolt. Something hits you!
* * * LOW HITPOINT WARNING * * *
You are lethally poisoned!
Unknown command.
Unknown command.
Unknown command.
Firing (i - inventory)
d - 23 bolts (quivered)
You shoot a bolt.
* * * LOW HITPOINT WARNING * * *
You feel sick. Something hits you.
You die...

......# #.#
......################## #.#.
.......................#######.#.
.........................÷÷>.#.#.
...÷..#......###.#####.#.#####.#.
......#......# #.# #.#....).<#.
##...##......# #.# #.#######.#.
##..##......# #.# #.#.......#.
###..##......# #@# #.#..<.####.
.....##......# #(#####.#......)..
####.##......# #{##....(....#####
#..# #(##.............. ##.#
#.##..........###. #.#
..............# #.#
.......##......# ### S..(....
#......# #........ #......#


There were no monsters in sight!

Vanquished Creatures
  3 adders (D:2)
  An orc (D:2)
  A giant cockroach (D:1)
  6 goblins
  2 hobgoblins (D:1)
  3 jackals (D:2)
  3 kobolds
  11 bats
  3 frilled lizards
  4 rats
37 creatures vanquished.

Notes
Turn   | Place    | Note
-------+----------+-------------------------------------------
     0 | D:1      | vurker the Kobold Hunter began the quest for the Orb.
     0 | D:1      | Reached XP level 1. HP: 12/12 MP: 1/1
    79 | D:1      | Reached skill level 1 in Short Blades
   209 | D:1      | Reached XP level 2. HP: 18/18 MP: 2/2
   422 | D:1      | Reached skill level 5 in Crossbows
  1045 | D:2      | Reached XP level 3. HP: 15/22 MP: 3/3
  1311 | D:2      | Found a sparkling altar of Nemelex Xobeh.
  1355 | D:2      | Reached XP level 4. HP: 23/27 MP: 4/4
  1417 | D:2      | Found a radiant altar of Vehumet.
  1688 | D:2      | Noticed Sigmund
  1700 | D:2      | Slain by Sigmund

Levels and vault maps discovered:
D:1:      mrwooster_arrival_arrow, layout_basic
D:2:      layout_basic, overflow_temple_1_default,
          nemelex_xobeh_ov_fountains_minmay, wad_orctagon, uniq_sigmund

Skill      XL: |  1  2  3  4 |
---------------+-------------+-----
Short Blades   | 1 2 3 |  3.3
Crossbows      | 5 |  5.3
Fighting       | 3 |  3.0
Dodging        | |  2.4
Stealth        | |  1.3

Action                   |  1- 3 |  4- 6 || total
-------------------------+-------+-------++-------
Melee: Short sword       |    45 |       ||    45
       Dagger            |    19 |    33 ||    52
 Fire: Hand crossbow     |    23 |     8 ||    31
 Stab: Sleeping          |     1 |       ||     1
  Eat: Chunk             |    10 |     1 ||    11
Armor: Leather armour    |    17 |    14 ||    31
Dodge: Dodged            |    57 |    20 ||    77

Table legend:
 A = Non-vault XP
 B = Vault XP
 C = Vault XP percentage of total XP
 D = Non-vault monster count
 E = Vault monster count
 F = Vault count percentage of total count
                 A         B        C        D         E       F
            +---------+---------+-------+---------+---------+-------
      Total |      92 |       0 |   0.0 |      37 |       0 |   0.0
            +---------+---------+-------+---------+---------+-------
        D:1 |      24 |       0 |   0.0 |      16 |       0 |   0.0
        D:2 |      68 |       0 |   0.0 |      21 |       0 |   0.0
            +---------+---------+-------+---------+---------+-------
